 Dungeon Sprint DCSS version 0.22-a0-565-gfc6459a (webtiles) character file.

1087 Fang the Cleaver (level 8, -5/60 HPs)
             Began as a Gargoyle Berserker on June 28, 2018.
             Was a High Priest of Trog.
             Slain by a tarantella (13 damage)
             ... in the Dungeon (Sprint VII: "The Pits").
             The game lasted 00:01:49 (894 turns).

Fang the Cleaver (Gargoyle Berserker)                Turns: 894, Time: 00:01:49

Health: -5/60      AC:  8    Str: 23    XL:     8   Next: 30%
Magic:  8/8        EV: 14    Int:  8    God:    Trog [*****.]
Gold:   0          SH:  0    Dex:  9    Spells: 7/7 levels left

rFire    . . .     SeeInvis .   m - +0 hand axe (freeze)
rCold    . . .     Gourm    .   (no shield)
rNeg     + . .     Faith    .   b - +0 animal skin
rPois    ∞         Spirit   .   (no helmet)
rElec    +         Reflect  .   (no cloak)
rCorr    .         Harm     .   (no gloves)
MR       .....     NoTele   +   (no boots)
Stlth    +.........             (no amulet)
HPRegen  0.20/turn              (no ring)
MPRegen  0.11/turn              (no ring)

@: confused, berserk cooldown, slowed, very slow
A: negative energy resistance 1, electricity resistance, unbreathing,
petrification resistance, rot immunity, AC +5
a: Berserk, Trog's Hand, Brothers in Arms, Renounce Religion


You were in the Dungeon.
You worshipped Trog.
Trog was extremely pleased with you.
You were hungry.

You visited 1 branch

Inventory:

Hand Weapons
 j - a +2 hand axe
 m - a +0 hand axe of freezing (weapon)
Armour
 b - a +0 animal skin (worn)
Scrolls
 i - a scroll of blinking
 k - 3 scrolls of remove curse
 l - a scroll of summoning
Potions
 a - 2 potions of invisibility
 d - 6 potions of curing
 e - 6 potions of heal wounds
 f - a potion of haste
 g - 4 potions of magic
 h - 3 potions of berserk rage
Comestibles
 c - 8 rations
 n - 3 chunks of flesh


   Skills:
 + Level 11.2 Fighting
 + Level 11.5 Axes
 + Level 5.8 Armour
 + Level 5.6 Dodging


You had 7 spell levels left.
You didn't know any spells.
Your spell library was empty.

Dungeon Overview and Level Annotations

Branches:
Dungeon (1/1)

Altars:
Cheibriados
Dithmenos
Elyvilon
Fedhas
Gozag
Hepliaklqana
Makhleb
Nemelex Xobeh
Okawaru
Qazlal
Ru
Sif Muna
Trog
Vehumet
Wu Jian
Xom
Yredelemnul
Zin
The Shining One
Beogh
Jiyva
Lugonu


Innate Abilities, Weirdness & Mutations

You are resistant to torment.
Your stone body is resilient. (AC +5)
You are immune to poison.
You resist negative energy. (rN+)
You are resistant to electric shocks. (rElec)
You can survive without breathing.
You are immune to petrification.
You are immune to rotting.


Message History

* * * LOW HITPOINT WARNING * * *
You are more confused.
Unknown command.
You bump into the metal wall.
The tarantella bites you but does no damage.
The merfolk hits you from afar with a trident!
* * * LOW HITPOINT WARNING * * *
You bump into the metal wall.
You feel your anger nearly subside. The tarantella closely misses you.
Unknown command.
You bump into the metal wall.
You are no longer berserk.
You are exhausted.
You feel yourself slow down.
The merfolk hits you from afar with a trident.
* * * LOW HITPOINT WARNING * * *
The tarantella misses you. The tarantella bites you!
You die...

#.#..#..#))##.......#
#.#..#..#..##.......#
#.##'#..#'###...<...#
#.#........##.......#
#.#..†.....##.......#
#'###########.......#
#.......#..##########
#.).#...#.## ###
#...#...#@# ...#
#.##.##.#s#....#
#.†.#...#.m....+
#...#...#'#S...#
#.......'.#....#
########### ####


You could see a merfolk, a tarantella and a ball python.

Vanquished Creatures
  A phantasmal warrior (D)
  2 floating eyes (D)
  A sky beast (D)
  A wolf (D)
  A bullfrog (D)
  A scorpion (D)
  An iron imp (D)
  4 worker ants (D)
  A river rat (D)
  An ufetubus (D)
  2 ball pythons (D)
  2 hobgoblins (D)
  2 frilled lizards (D)
  A quokka skeleton (D)
21 creatures vanquished.

Notes
Turn   | Place    | Note
-------+----------+-------------------------------------------
     0 | D        | Fang the Gargoyle Berserker began the quest for the Orb.
     0 | D        | Reached XP level 1. HP: 14/14 MP: 1/1
    24 | D        | Found a bloodstained altar of Trog.
    24 | D        | Found a deep blue altar of Sif Muna.
    24 | D        | Found a viscous altar of Jiyva.
    24 | D        | Found a hazy altar of Hepliaklqana.
    24 | D        | Found an opulent altar of Gozag.
    25 | D        | Found a glowing golden altar of the Shining One.
    25 | D        | Found a glowing silver altar of Zin.
    25 | D        | Found a basalt altar of Yredelemnul.
    25 | D        | Found a shimmering altar of Xom.
    25 | D        | Found an ornate altar of the Wu Jian Council.
    25 | D        | Found a sacrificial altar of Ru.
    25 | D        | Found a stormy altar of Qazlal.
    25 | D        | Found an iron altar of Okawaru.
    25 | D        | Found a sparkling altar of Nemelex Xobeh.
    25 | D        | Found a burning altar of Makhleb.
    25 | D        | Found a blossoming altar of Fedhas.
    25 | D        | Found a white marble altar of Elyvilon.
    25 | D        | Found a shadowy altar of Dithmenos.
    25 | D        | Found a snail-covered altar of Cheibriados.
    27 | D        | Found a radiant altar of Vehumet.
    27 | D        | Found a corrupted altar of Lugonu.
    27 | D        | Found a roughly hewn altar of Beogh.
    70 | D        | Noticed a worker ant
    70 | D        | Noticed a floating eye
    74 | D        | Killed a worker ant
    74 | D        | Reached skill level 5 in Fighting
    74 | D        | Reached XP level 2. HP: 21/21 MP: 2/2
    74 | D        | Reached XP level 3. HP: 26/26 MP: 3/3
    74 | D        | Paralysed by a floating eye for 3 turns
    79 | D        | Killed a floating eye
    79 | D        | Reached ** piety under Trog
    79 | D        | Reached XP level 4. HP: 34/34 MP: 4/4
    79 | D        | Reached XP level 5. HP: 38/38 MP: 5/5
   126 | D        | Reached *** piety under Trog
   166 | D        | Noticed a floating eye
   168 | D        | Paralysed by a floating eye for 3 turns
   172 | D        | Killed a floating eye
   172 | D        | Reached XP level 6. HP: 45/45 MP: 6/6
   176 | D        | Reached skill level 5 in Armour
   177 | D        | Reached **** piety under Trog
   467 | D        | Reached ***** piety under Trog
   538 | D        | Noticed a sky beast
   543 | D        | Killed a sky beast
   543 | D        | Reached XP level 7. HP: 52/52 MP: 7/7
   573 | D        | Noticed a phantasmal warrior
   585 | D        | Killed a phantasmal warrior
   585 | D        | Reached skill level 10 in Fighting
   585 | D        | Reached skill level 5 in Dodging
   585 | D        | Reached XP level 8. HP: 43/59 MP: 8/8
   881 | D        | Noticed a merfolk
   881 | D        | Noticed a tarantella
   894 | D        | Slain by a tarantella

Vault maps used:
D:        pitsprint

Skill      XL: |  1  2  3  4  5  6  7  8 |
---------------+-------------------------+-----
Axes           | 4 6 8 9 11 | 11.5
Fighting       | 5 7 8 9 10 11 | 11.2
Dodging        | 2 3 4 5 |  5.6
Armour         | 4 5 |  5.8

Action                   |  1- 3 |  4- 6 |  7- 9 || total
-------------------------+-------+-------+-------++-------
Melee: Hand axe          |     8 |    28 |    21 ||    57
Invok: Berserk           |     1 |     4 |     3 ||     8
  Eat: Chunk             |       |     2 |     1 ||     3
       Ration            |       |       |     1 ||     1
Armor: Animal skin       |     3 |     5 |     5 ||    13
Dodge: Dodged            |     1 |    20 |    10 ||    31

Table legend:
 A = Spawn XP
 B = Non-spawn XP
 C = Spawn XP percentage of total XP
 D = Spawn monster count
 E = Non-spawn monster count
 F = Spawn count percentage of total count
 G = Total turns spent on level
                    A         B        C        D         E        F      G
               +---------+---------+-------+---------+---------+-------+---------
         Total |       0 |    1554 |   0.0 |       0 |      21 |   0.0 |   894
               +---------+---------+-------+---------+---------+-------+---------
             D |       0 |    1554 |   0.0 |       0 |      21 |   0.0 |   894
               +---------+---------+-------+---------+---------+-------+---------
